 Dungeon Crawl Stone Soup version 0.29.0-4-gdea44cf6ec (webtiles) character file.

Game seed: 1545720329154638770

57 qw the Chopper (level 4, -2/39 HPs)
             Began as a Tengu Warper on Aug 28, 2022.
             Slain by Natasha (6 damage)
             ... on level 2 of the Dungeon.
             The game lasted 00:00:09 (1261 turns).

qw the Chopper (Tengu Warper)                       Turns: 1261, Time: 00:00:09

Health: -2/39      AC: 22    Str: 13    XL:     4   Next: 0%
Magic:  8/8        EV:  2    Int: 13    God:
Gold:   100        SH:  0    Dex: 14    Spells: 7/7 levels left

rFire   . . .      SeeInvis .   Y - +0 hand axe
rCold   . . .      Faith    .   (no shield)
rNeg    . . .      Spirit   .   (body armour currently unavailable)
rPois   +          Reflect  .   (helmet currently unavailable)
rElec   .          Harm     .   (cloak currently unavailable)
rCorr   .          Rampage  .   (gloves currently unavailable)
Will    .....      NoTele   +   (boots unavailable)
Stlth   +.........              (no amulet)
HPRegen 0.13/turn               (no ring)
MPRegen 0.11/turn               (no ring)

@: tree-form (expiring), slowed, very slow
A: stationary, stasis, torment immunity, boosted hp, (beak), (talons 3)
a: no special abilities


You were on level 2 of the Dungeon.
You were a tree.
You visited 1 branch of the dungeon, and saw 2 of its levels.

You collected 100 gold pieces.


Innate Abilities, Weirdness & Mutations

You are a tree.
Your roots penetrate the ground, keeping you stationary.
You cannot be teleported.
You are immune to unholy pain and torment.
Your maximum health is greatly increased.
Your equipment is partially melded.
((You have a beak for a mouth.))
((You have claws for feet.))


   Skills:
 - Level 2.0 Fighting
 + Level 4.5 Axes
 - Level 1.0 Throwing
 - Level 1.1 Armour
 - Level 2.1 Dodging
 - Level 2.0 Spellcasting
 - Level 2.4 Translocations


You had 7 spell levels left.
You didn't know any spells.
Your spell library contained the following spells:

 Spells                   Type           Power      Damage    Failure   Level
 Blink                    Tloc           14%        N/A       14%         2
 Gell's Gravitas          Tloc           7%         N/A       28%         3
 Lesser Beckoning         Tloc           7%         N/A       28%         3
 Teleport Other           Tloc           7%         N/A       28%         3
 Manifold Assault         Tloc           7%         N/A       95%         5

Inventory:

Hand Weapons
 a - a +0 mace
 Y - a +0 hand axe (weapon)
Missiles
 h - 3 boomerangs (quivered)
Armour
 d - a +0 chain mail (melded)
 f - a +0 kite shield
Scrolls
 b - a scroll of identify
Potions
 c - a potion of curing {unknown}
 e - a potion of heal wounds {unknown}
 i - a potion of flight {unknown}
 k - a potion of cancellation {unknown}

Dungeon Overview and Level Annotations

Branches:
Dungeon (2/15)

Altars:

Annotations:
D:2 Natasha


Message History

Natasha claws you but does no damage.
The jackal bites you but does no damage.
You hit the jackal.
The jackal is almost dead.
You hit Natasha but do no damage. You barely miss the jackal.
The jackal bites you.
The jackal bites you but does no damage. x2
Natasha claws you but does no damage.
The jackal bites you but does no damage.
You completely miss the jackal.
The jackal is almost dead.
You barely miss the jackal. You hit Natasha.
The jackal bites you but does no damage.
Natasha claws you.
The jackal bites you but does no damage. x3
Natasha claws you but does no damage.
The jackal bites you but does no damage.
You hit the jackal.
You kill the jackal!
You closely miss Natasha. You closely miss the jackal.
The jackal bites you but does no damage.
Natasha howls an incantation.
Natasha's front paws start to glow.
Natasha claws you.
The jackal bites you but does no damage.
You have reached level 4!
You feel agile.
You barely miss the jackal.
The jackal is moderately wounded.
You hit Natasha.
The jackal bites you but does no damage.
Natasha claws you.
The jackal bites you but does no damage.
Natasha claws you.
You barely miss Natasha.
Natasha is moderately wounded.
You hit the jackal but do no damage.
Your transformation is almost over.
The jackal bites you but does no damage.
Natasha claws you.
You die...

#......# #.#
#......# ...
#....>.###.# #
#............#
#.:......##..#
#.......#....#
##.###........##..##
......hh#.##........
..#
#....%7%.##(###..##
#.# ###########.#
#..# #.# #%# #..#
#.# #.# #..# #.# ..#
#.###..## #.# # #.#
#.##....# #.# # #.#
#.#.....###.# # #.#
#............ # #.#
#.......###..


You could see Natasha and a jackal.

Vanquished Creatures
  3 dart slugs
  5 endoplasms
  7 giant cockroaches
  6 goblins (D:1)
  5 hobgoblins
  3 jackals (D:2)
  3 kobolds (D:1)
  A quokka (D:2)
  A ball python (D:1)
  4 bats
  4 frilled lizards
  4 rats (D:1)
46 creatures vanquished.

Notes
Turn   | Place    | Note
-------+----------+-------------------------------------------
     0 | D:1      | qw the Tengu Warper began the quest for the Orb.
     0 | D:1      | Reached XP level 1. HP: 12/12 MP: 4/4
     0 | D:1      | 0 ||| qw: Version: 0.1-a-89-g26bdef1
     0 | D:1      | 0 ||| qw: Game counter: 3150
     0 | D:1      | 0 ||| qw: Always use a shield: true
     0 | D:1      | 0 ||| qw: God list: Okawaru
     0 | D:1      | 0 ||| qw: Allow faded altars: false
     0 | D:1      | 0 ||| qw: Do Orc after D:15 true
     0 | D:1      | 0 ||| qw: Do second Lair branch before Depths: true
     0 | D:1      | 0 ||| qw: Lair rune preference: random
     0 | D:1      | 0 ||| qw: Plans: Normal
     0 | D:1      | 0 ||| PLANNING D:1-11
     2 | D:1      | Noticed a meteoran
     2 | D:1      | Noticed a tengu
     4 | D:1      | Noticed a formicid
     6 | D:1      | Noticed a troll
     6 | D:1      | Noticed an ogre
     8 | D:1      | Noticed a vine stalker
     8 | D:1      | Noticed a felid
    10 | D:1      | Noticed a demigod
    12 | D:1      | Noticed a human
    12 | D:1      | Noticed an octopode
    14 | D:1      | Noticed a vampire
    14 | D:1      | Noticed a demonspawn
    16 | D:1      | Noticed a ghoul
    16 | D:1      | Noticed an elf
    18 | D:1      | Noticed a palentonga
    18 | D:1      | Noticed a draconian
    20 | D:1      | Noticed a merfolk
    20 | D:1      | Noticed a gargoyle
    22 | D:1      | Noticed a naga
    24 | D:1      | Noticed a spriggan
    24 | D:1      | Noticed a merfolk
    26 | D:1      | Noticed a demigod
    26 | D:1      | Noticed a meteoran
    37 | D:1      | 37 ||| Stepping ~*~*~tactically~*~*~ (stealth).
    40 | D:1      | 40 ||| Stepping ~*~*~tactically~*~*~ (stealth).
    44 | D:1      | 44 ||| Stepping ~*~*~tactically~*~*~ (stealth).
    50 | D:1      | 50 ||| Stepping ~*~*~tactically~*~*~ (stealth).
    51 | D:1      | 51 ||| Stepping ~*~*~tactically~*~*~ (stealth).
    53 | D:1      | 53 ||| Stepping ~*~*~tactically~*~*~ (stealth).
    58 | D:1      | Reached skill level 3 in Axes
    58 | D:1      | Reached XP level 2. HP: 9/17 MP: 6/6
   426 | D:1      | 426 ||| Stepping ~*~*~tactically~*~*~ (stealth).
   437 | D:1      | 437 ||| Stepping ~*~*~tactically~*~*~ (hiding).
   442 | D:1      | Reached XP level 3. HP: 21/21 MP: 7/7
   680 | D:1      | 680 ||| Stepping ~*~*~tactically~*~*~ (stealth).
   692 | D:1      | Reached skill level 4 in Axes
   814 | D:1      | 814 ||| UPGRADING to +0 chain mail.
   824 | D:1      | 824 ||| DROPPING +0 leather armour.
   825 | D:1      | 825 ||| READING scroll labelled ICSIZU EZOTAV.
   826 | D:1      | 826 ||| READING scroll labelled PORATOCHETHO.
   829 | D:1      | 829 ||| DROPPING scroll of blinking.
   923 | D:2      | 923 ||| DROPPING +0 club.
  1156 | D:2      | Found a faded altar of an unknown god.
  1245 | D:2      | Noticed Natasha
  1246 | D:2      | 1246 ||| Stepping ~*~*~tactically~*~*~ (hiding).
  1259 | D:2      | HP: 7/31 [Natasha (2)]
  1260 | D:2      | Reached XP level 4. HP: 9/26 MP: 8/8
  1261 | D:2      | Slain by Natasha

Levels and vault maps discovered:
D:1:      kb_arrival_jail, layout_rooms, minmay_pentomino_t2
D:2:      layout_loops_ring, basic_ecumenical_altar, uniq_natasha

Skill      XL: |  1  2  3 |
---------------+----------+-----
Axes           | 3 4 |  4.5
Fighting       | |  2.0
Throwing       | |  1.0
Armour         | |  1.1
Dodging        | |  2.1
Spellcasting   | |  2.0
Translocations | |  2.4

Action                   |  1- 3 |  4- 6 || total
-------------------------+-------+-------++-------
Melee: Hand axe          |    70 |     2 ||    72
       Peck              |     9 |       ||     9
       Kick              |    21 |       ||    21
       Punch             |     1 |       ||     1
Throw: Boomerang         |    35 |       ||    35
  Use: Scroll            |     2 |       ||     2
Armor: Leather armour    |     9 |       ||     9
       Chain mail        |    24 |       ||    24
       Skin              |    18 |     3 ||    21
Dodge: Dodged            |    40 |       ||    40

Table legend:
 A = Non-vault XP
 B = Vault XP
 C = Vault XP percentage of total XP
 D = Non-vault monster count
 E = Vault monster count
 F = Vault count percentage of total count
                 A         B        C        D         E       F
            +---------+---------+-------+---------+---------+-------
      Total |      76 |       6 |   7.3 |      44 |       2 |   4.3
            +---------+---------+-------+---------+---------+-------
        D:1 |      43 |       6 |  12.2 |      28 |       2 |   6.7
        D:2 |      33 |       0 |   0.0 |      16 |       0 |   0.0
            +---------+---------+-------+---------+---------+-------
